AoeStats
← k1ng

Northern Isles

510402777Analyzed
1v1 RM · 21h ago on Sep 30, 2026· 42m 43s· 2 players
Game mode
Random Map
Map size
Tiny (2 player)
Population
200
Speed
Normal
Resources
Standard
Victory
Conquest
Starting age
Dark Age
Ending age
Imperial Age
RankedLock teamsTeams togetherTeam positionsShared explorationLock speedFull tech treeHidden civsTurbo modeCheats
Victory
Defeat
🇦🇷 Vikings · Argentina
1189
+16
🇩🇪 Varangians · Germany
1193
-16
k1ng
10:23 Loom
12:34 Feudal Age
14:30 Double-Bit Axe
15:21 Forging
15:11 Gold Mining
15:08 Fishing Lines
21:53 Castle Age
22:47 Medium Warships
24:22 Iron Casting
23:39 Fletching
27:59 Bow Saw
32:12 Masonry
32:16 Careening
32:16 Clinker Construction
33:30 Man-at-Arms
37:20 Imperial Age
34:43 Stone Mining
37:39 Elite Longship
38:52 Ballistics
38:50 Town Watch
39:40 Ballistics
39:44 Dry Dock
Kolli93
8:02 Loom
10:23 Feudal Age
17:36 Castle Age
15:43 Fletching
17:41 Fishing Lines
18:57 Medium Warships
19:44 Gillnets
21:44 Bodkin Arrow
23:26 Gold Mining
31:38 Heated Shot
37:04 Double-Bit Axe
38:39 Careening
Connection lost

Rejoining the realm…

Still unreachable

The connection could not be restored.

Session expired

The server has moved on; the page needs a fresh start.